AoeStats
← JAGR | STYLORD

QS Arena

503739684Analyzed
3v3 RM · 29d ago on Sep 2, 2026· 45m 7s· 6 players
Game mode
Random Map
Map size
Normal (6 player)
Population
200
Speed
Normal
Resources
Standard
Victory
Conquest
Starting age
Dark Age
Ending age
Imperial Age
RankedLock teamsTeams togetherTeam positionsShared explorationLock speedFull tech treeHidden civsTurbo modeCheats
Victory
Defeat
🇵🇪 Teutons · Peru
1276
+14
🇵🇪 Italians · Peru
1269
+14
🇨🇳 Hindustanis · China
1249
+15
🇺🇸 Turks · United States
1299
-18
🇺🇸 Saracens · United States
1249
-15
🇺🇸 Bohemians · United States
1144
-11
国产男子汉
7:58 Feudal Age
11:43 Castle Age
9:34 Double-Bit Axe
9:47 Horse Collar
14:33 Wheelbarrow
22:28 Hand Cart
24:47 Imperial Age
23:06 Bow Saw
22:50 Gold Mining
23:02 Stone Mining
23:18 Heavy Plow
23:44 Loom
26:52 Chemistry
26:13 Ballistics
26:01 Padded Archer Armor
26:48 Gold Shaft Mining
26:53 Stone Shaft Mining
27:20 Two-Man Saw
26:22 Town Watch
27:40 Conscription
27:36 Leather Archer Armor
27:14 Fletching
28:57 Masonry
31:20 Ring Archer Armor
31:39 Bodkin Arrow
33:01 Shatagni
33:15 Forging
33:11 Scale Barding Armor
33:19 Forging
33:17 Scale Barding Armor
33:35 Bloodlines
33:25 Husbandry
33:58 Heavy Camel Rider
35:53 Chain Barding Armor
36:09 Iron Casting
35:34 Bracer
36:46 Hoardings
35:54 Imperial Camel Rider
38:27 Plate Barding Armor
39:06 Blast Furnace
39:00 Town Patrol
40:44 Siege Engineers
40:36 Murder Holes
40:53 Fortified Wall
40:33 Guard Tower
42:00 Grand Trunk Road
41:20 Elite Ghulam
42:29 Elite Ghulam
43:13 Scale Mail Armor
Rasec
7:42 Feudal Age
12:15 Castle Age
10:29 Double-Bit Axe
11:11 Horse Collar
13:55 Bow Saw
15:00 Heavy Plow
21:51 Gold Mining
21:51 Stone Mining
25:43 Imperial Age
24:03 Wheelbarrow
23:15 Loom
23:15 Town Watch
24:54 Stone Shaft Mining
24:54 Scale Barding Armor
25:00 Forging
25:28 Bloodlines
25:52 Hand Cart
25:38 Town Patrol
26:40 Chain Barding Armor
26:45 Cavalier
28:05 Crop Rotation
28:40 Two-Man Saw
28:31 Iron Casting
30:28 Blast Furnace
30:04 Plate Barding Armor
29:56 Paladin
38:01 Caravan
38:46 Conscription
JAGR | STYLORD
7:30 Feudal Age
13:39 Castle Age
11:55 Double-Bit Axe
12:32 Horse Collar
20:06 Bow Saw
26:30 Imperial Age
23:47 Loom
24:34 Heavy Plow
24:27 Gold Mining
24:32 Town Watch
25:23 Scale Mail Armor
25:33 Forging
26:13 Squires
26:32 Chain Mail Armor
27:27 Fletching
28:16 Iron Casting
27:29 Capped Ram
29:02 Wheelbarrow
29:29 Conscription
30:13 Plate Mail Armor
29:41 Bodkin Arrow
30:32 Bracer
31:44 Ballistics
34:35 Chemistry
34:26 Masonry
33:56 Treadmill Crane
34:22 Padded Archer Armor
35:24 Blast Furnace
34:41 Hand Cart
38:14 Architecture
45:05 Arson
Lord Captise
8:21 Feudal Age
13:04 Castle Age
11:04 Double-Bit Axe
12:03 Stone Mining
12:14 Horse Collar
15:48 Bow Saw
16:43 Town Watch
17:08 Loom
19:00 Gold Mining
25:50 Imperial Age
23:38 Fletching
24:21 Bodkin Arrow
25:33 Ballistics
29:18 Bloodlines
31:29 Wheelbarrow
Flying Cap
5:01 Loom
9:50 Feudal Age
11:18 Double-Bit Axe
11:15 Horse Collar
15:29 Castle Age
14:35 Gold Mining
16:12 Wheelbarrow
16:16 Heavy Plow
16:47 Bow Saw
21:47 Gold Shaft Mining
25:35 Imperial Age
24:26 Hand Cart
24:23 Scale Barding Armor
24:50 Forging
24:38 Town Watch
26:04 Husbandry
26:15 Bloodlines
26:29 Elite Mameluke
27:47 Chain Barding Armor
28:24 Iron Casting
30:58 Bimaristan
31:19 Stone Mining
34:18 Plate Barding Armor
34:44 Blast Furnace
34:11 Conscription
39:25 Fletching
PotatoNate57
8:28 Feudal Age
13:50 Castle Age
12:36 Double-Bit Axe
15:31 Horse Collar
18:19 Loom
19:10 Wheelbarrow
21:37 Bow Saw
25:46 Imperial Age
25:36 Chemistry
25:04 Fletching
25:18 Padded Archer Armor
25:30 Heavy Plow
26:49 Conscription
26:45 Town Watch
27:37 Ballistics
27:31 Masonry
28:27 Hand Cart
28:55 Wagenburg Tactics
30:12 Man-at-Arms
30:54 Squires
30:56 Long Swordsman
31:53 Murder Holes
33:30 Pikeman
34:18 Houfnice
34:22 Elite Hussite Wagon
34:27 Halberdier
35:25 Forging
35:10 Bodkin Arrow
37:04 Siege Engineers
37:57 Two-Handed Swordsman
Connection lost

Rejoining the realm…

Still unreachable

The connection could not be restored.

Session expired

The server has moved on; the page needs a fresh start.